 Dungeon Crawl Stone Soup version 0.27.0-1-g7a089689b8 (webtiles) character file.

Game seed: 13459334100548970832

72 snackwell the Skirmisher (level 4, -2/41 HPs)
             Began as a Ghoul Chaos Knight on Aug 12, 2021.
             Was a Plaything of Xom.
             Slain by a water moccasin skeleton (4 damage)
             ... on level 3 of the Dungeon.
             The game lasted 00:05:23 (1642 turns).

snackwell the Skirmisher (Ghoul Chaos Knight)       Turns: 1642, Time: 00:05:24

Health: -2/41      AC:  6    Str: 16      XL:     4   Next: 26%
Magic:  3/3        EV: 11    Int:  6 (7)  God:    Xom [.*....]
Gold:   138        SH:  0    Dex:  7 (8)  Spells: 3/3 levels left

rFire    . . .     SeeInvis .   a - +0 falchion (chaos)
rCold    + . .     Faith    .   (no shield)
rNeg     + + +     Spirit   .   c - +3 leather armour
rPois    ∞         Reflect  .   (no helmet)
rElec    .         Harm     .   (no cloak)
rCorr    .         Rampage  .   (no gloves)
Will     .....                  (no boots)
Stlth    +.........             (no amulet)
HPRegen  0.00/turn              (no ring)
MPRegen  0.08/turn              (no ring)

@: inhibited regen
A: claws 1, cold resistance 1, negative energy resistance 3, inhibited
regeneration, torment resistance 2
a: Renounce Religion


You were on level 3 of the Dungeon.
You worshipped Xom.
You were a plaything of Xom.
You visited 1 branch of the dungeon, and saw 3 of its levels.

You collected 138 gold pieces.

Inventory:

Hand Weapons
 a - a +0 falchion of chaos (weapon)
 b - a +0 hunting sling
   (You found it on level 1 of the Dungeon)
Missiles
 f - 49 stones (quivered)
Armour
 c - a +3 leather armour (worn)
   (You found it on level 1 of the Dungeon)
Scrolls
 d - 2 scrolls of identify {unknown}
 g - 3 scrolls of teleportation {unknown}
 h - a scroll of amnesia {unknown}
Potions
 i - a potion of might {unknown}
 j - a potion of lignification {unknown}
 k - a potion of flight {unknown}
 l - a potion of haste {unknown}
 m - a potion of berserk rage {unknown}


   Skills:
 + Level 4.5 Fighting
 + Level 3.7 Long Blades
 - Level 1.7 Armour
 - Level 0.8 Dodging


You had 3 spell levels left.
You didn't know any spells.
Your spell library was empty.

Dungeon Overview and Level Annotations

Branches:
Dungeon (3/15)

Altars:


Innate Abilities, Weirdness & Mutations

You thrive by killing the living.
You are immune to poison.
You have sharp fingernails.
Your flesh is cold resistant. (rC+)
You are immune to negative energy. (rN+++)
You do not regenerate when monsters are visible.
You are immune to unholy pain and torment.


Message History

The stone closely misses the water moccasin skeleton.
The water moccasin skeleton barely misses you.
You shoot a stone.
The stone hits the water moccasin skeleton.
The water moccasin skeleton is heavily damaged.
The water moccasin skeleton barely misses you.
The water moccasin skeleton misses you.
You shoot a stone.
The stone barely misses the water moccasin skeleton.
You are now a plaything of Xom.
The water moccasin skeleton bites you but does no damage.
Your +0 falchion of chaos is briefly surrounded by a scintillating aura of random colours.
a - a +0 falchion of chaos (weapon)
The water moccasin skeleton barely misses you.
You riposte.
You hit the water moccasin skeleton but do no damage.
The water moccasin skeleton seems to grow stronger.
Xom thinks this is hilarious!
The water moccasin skeleton is heavily damaged.
You closely miss the water moccasin skeleton.
The water moccasin skeleton is heavily damaged.
The water moccasin skeleton closely misses you.
You riposte.
You hit the water moccasin skeleton.
The water moccasin skeleton seems to speed up.
The water moccasin skeleton is heavily damaged.
You hit the water moccasin skeleton.
The water moccasin skeleton flickers and vanishes!
Deactivating autopickup; reactivate with Ctrl-A.
Something bites you but does no damage. Something bites you.
No target in view!
Unknown command.
You hit something. Something bites you. x2
You barely miss something. Something bites you. Something bites you!
* * * LOW HITPOINT WARNING * * *
You miss something. Something bites you but does no damage.
Something bites you.
* * * LOW HITPOINT WARNING * * *
You barely miss something. Something bites you!
* * * LOW HITPOINT WARNING * * *
Something bites you.
* * * LOW HITPOINT WARNING * * *
Unknown command.
Unknown command.
It was a potion of mutation.
You feel extremely strange.
Your body decomposes!
You feel dopey.
Your body decomposes!
You feel clumsy. Something bites you but does no damage. Something bites you.
You die...

###.#... ..##
###.#.#..#>..((
#........#.#.#
.......(....##
###...#..#.....
#.......((.....
#....({......
#.@.....# #
#.#.......
.###.##.#####...
................
####.##.#####.# #.
#.####
#.##....#####.##.
##................
#.......##.####.##.


There were no monsters in sight!

Vanquished Creatures
  A gnoll (D:1)
  A worm (D:2)
  A dart slug (D:2)
  4 ball pythons
  4 bats
  9 endoplasms
  A giant cockroach (D:2)
  6 hobgoblins
  3 jackals (D:2)
  2 quokkas (D:1)
  2 frilled lizards
  7 goblins
  A kobold (D:2)
  4 rats
46 creatures vanquished.

Vanquished Creatures (collateral kills)
  A hobgoblin (D:1)
  A bat (D:1)
2 creatures vanquished.

Grand Total: 48 creatures vanquished

Notes
Turn   | Place    | Note
-------+----------+-------------------------------------------
     0 | D:1      | snackwell the Ghoul Chaos Knight began the quest for the
                  | Orb.
     0 | D:1      | Reached XP level 1. HP: 19/19 MP: 0/0
   318 | D:1      | Reached XP level 2. HP: 26/26 MP: 1/1
   606 | D:1      | Reached XP level 3. HP: 33/33 MP: 2/2
   608 | D:1      | Reached skill level 4 in Fighting
  1104 | D:2      | XOM: silly message
  1268 | D:2      | Reached XP level 4. HP: 41/41 MP: 3/3
  1641 | D:3      | HP: 2/41 [something (2)]
  1642 | D:3      | Slain by a water moccasin skeleton

Illustrated notes

Levels and vault maps discovered:
D:1:      ncdulo_lavacross, layout_loops_ring, minmay_pentomino_s4
D:2:      layout_basic, minmay_tripent
D:3:      layout_basic, mainiacjoe_overflow_small_starburst,
          hellmonk_ecumenical_altar_watching_god

Skill      XL: |  1  2  3 |
---------------+----------+-----
Long Blades    | 3 |  3.7
Fighting       | 4 |  4.5
Armour         | |  1.7
Dodging        | |  0.8

Action                   |  1- 3 |  4- 6 || total
-------------------------+-------+-------++-------
Melee: Falchion          |    64 |    18 ||    82
 Fire: Hunting sling     |    52 |    24 ||    76
Throw: Stone             |     3 |       ||     3
  Use: Potion            |       |     1 ||     1
Armor: Leather armour    |    32 |    14 ||    46
Dodge: Dodged            |    34 |    16 ||    50
       Rpst.: Falchion   |    12 |     5 ||    17
